Workbook

Sheet Projeção Financeira
A1: Projeção Financeira — MEI, Simples Nacional e Pequenos Negócios
A2: Período projetado: setembro/2026 a junho/2027
A3: Saldo inicial | B3: Receita média mensal | C3: Resultado acumulado | D3: Maior receita mensal | E3: Meses com resultado negativo | F3: Ponto de atenção da projeção
A4: ='Premissas'!$B$4 | B4: =IFERROR(AVERAGE(B6:B15),0) | C4: =SUM(G6:G15) | D4: =IFERROR(MAX(B6:B15),0) | E4: =COUNTIF(G6:G15,"<0") | F4: =IF(IFERROR(MIN(H6:H15),0)<'Premissas'!$B$7,"Saldo abaixo da reserva","Projeção dentro da reserva")
A5: Mês | B5: Receitas projetadas | C5: Despesas operacionais | D5: DAS/impostos provisionados | E5: Investimentos | F5: Total de saídas | G5: Resultado mensal | H5: Saldo acumulado | I5: Margem operacional | J5: Situação
A6: 46266 | B6: =SUMIF('Lançamentos Base'!$B$6:$B$105,A6,'Lançamentos Base'!$F$6:$F$105) | C6: =SUMIF('Lançamentos Base'!$B$6:$B$105,A6,'Lançamentos Base'!$G$6:$G$105) | D6: =SUMIF('Lançamentos Base'!$B$6:$B$105,A6,'Lançamentos Base'!$H$6:$H$105) | E6: =SUMIF('Lançamentos Base'!$B$6:$B$105,A6,'Lançamentos Base'!$I$6:$I$105) | F6: =SUM(C6:E6) | G6: =B6-F6 | H6: ='Premissas'!$B$4+G6 | I6: =IFERROR(G6/B6,0) | J6: =IF(H6<0,"Atenção: saldo negativo",IF(G6<0,"Resultado negativo","Saldo saudável"))
A7: 46296 | B7: =SUMIF('Lançamentos Base'!$B$6:$B$105,A7,'Lançamentos Base'!$F$6:$F$105) | C7: =SUMIF('Lançamentos Base'!$B$6:$B$105,A7,'Lançamentos Base'!$G$6:$G$105) | D7: =SUMIF('Lançamentos Base'!$B$6:$B$105,A7,'Lançamentos Base'!$H$6:$H$105) | E7: =SUMIF('Lançamentos Base'!$B$6:$B$105,A7,'Lançamentos Base'!$I$6:$I$105) | F7: =SUM(C7:E7) | G7: =B7-F7 | H7: =IF(A7="","",H6+G7) | I7: =IFERROR(G7/B7,0) | J7: =IF(H7<0,"Atenção: saldo negativo",IF(G7<0,"Resultado negativo","Saldo saudável"))
A8: 46327 | B8: =SUMIF('Lançamentos Base'!$B$6:$B$105,A8,'Lançamentos Base'!$F$6:$F$105) | C8: =SUMIF('Lançamentos Base'!$B$6:$B$105,A8,'Lançamentos Base'!$G$6:$G$105) | D8: =SUMIF('Lançamentos Base'!$B$6:$B$105,A8,'Lançamentos Base'!$H$6:$H$105) | E8: =SUMIF('Lançamentos Base'!$B$6:$B$105,A8,'Lançamentos Base'!$I$6:$I$105) | F8: =SUM(C8:E8) | G8: =B8-F8 | H8: =IF(A8="","",H7+G8) | I8: =IFERROR(G8/B8,0) | J8: =IF(H8<0,"Atenção: saldo negativo",IF(G8<0,"Resultado negativo","Saldo saudável"))
A9: 46357 | B9: =SUMIF('Lançamentos Base'!$B$6:$B$105,A9,'Lançamentos Base'!$F$6:$F$105) | C9: =SUMIF('Lançamentos Base'!$B$6:$B$105,A9,'Lançamentos Base'!$G$6:$G$105) | D9: =SUMIF('Lançamentos Base'!$B$6:$B$105,A9,'Lançamentos Base'!$H$6:$H$105) | E9: =SUMIF('Lançamentos Base'!$B$6:$B$105,A9,'Lançamentos Base'!$I$6:$I$105) | F9: =SUM(C9:E9) | G9: =B9-F9 | H9: =IF(A9="","",H8+G9) | I9: =IFERROR(G9/B9,0) | J9: =IF(H9<0,"Atenção: saldo negativo",IF(G9<0,"Resultado negativo","Saldo saudável"))
A10: 46388 | B10: =SUMIF('Lançamentos Base'!$B$6:$B$105,A10,'Lançamentos Base'!$F$6:$F$105) | C10: =SUMIF('Lançamentos Base'!$B$6:$B$105,A10,'Lançamentos Base'!$G$6:$G$105) | D10: =SUMIF('Lançamentos Base'!$B$6:$B$105,A10,'Lançamentos Base'!$H$6:$H$105) | E10: =SUMIF('Lançamentos Base'!$B$6:$B$105,A10,'Lançamentos Base'!$I$6:$I$105) | F10: =SUM(C10:E10) | G10: =B10-F10 | H10: =IF(A10="","",H9+G10) | I10: =IFERROR(G10/B10,0) | J10: =IF(H10<0,"Atenção: saldo negativo",IF(G10<0,"Resultado negativo","Saldo saudável"))
A11: 46419 | B11: =SUMIF('Lançamentos Base'!$B$6:$B$105,A11,'Lançamentos Base'!$F$6:$F$105) | C11: =SUMIF('Lançamentos Base'!$B$6:$B$105,A11,'Lançamentos Base'!$G$6:$G$105) | D11: =SUMIF('Lançamentos Base'!$B$6:$B$105,A11,'Lançamentos Base'!$H$6:$H$105) | E11: =SUMIF('Lançamentos Base'!$B$6:$B$105,A11,'Lançamentos Base'!$I$6:$I$105) | F11: =SUM(C11:E11) | G11: =B11-F11 | H11: =IF(A11="","",H10+G11) | I11: =IFERROR(G11/B11,0) | J11: =IF(H11<0,"Atenção: saldo negativo",IF(G11<0,"Resultado negativo","Saldo saudável"))
A12: 46447 | B12: =SUMIF('Lançamentos Base'!$B$6:$B$105,A12,'Lançamentos Base'!$F$6:$F$105) | C12: =SUMIF('Lançamentos Base'!$B$6:$B$105,A12,'Lançamentos Base'!$G$6:$G$105) | D12: =SUMIF('Lançamentos Base'!$B$6:$B$105,A12,'Lançamentos Base'!$H$6:$H$105) | E12: =SUMIF('Lançamentos Base'!$B$6:$B$105,A12,'Lançamentos Base'!$I$6:$I$105) | F12: =SUM(C12:E12) | G12: =B12-F12 | H12: =IF(A12="","",H11+G12) | I12: =IFERROR(G12/B12,0) | J12: =IF(H12<0,"Atenção: saldo negativo",IF(G12<0,"Resultado negativo","Saldo saudável"))
A13: 46478 | B13: =SUMIF('Lançamentos Base'!$B$6:$B$105,A13,'Lançamentos Base'!$F$6:$F$105) | C13: =SUMIF('Lançamentos Base'!$B$6:$B$105,A13,'Lançamentos Base'!$G$6:$G$105) | D13: =SUMIF('Lançamentos Base'!$B$6:$B$105,A13,'Lançamentos Base'!$H$6:$H$105) | E13: =SUMIF('Lançamentos Base'!$B$6:$B$105,A13,'Lançamentos Base'!$I$6:$I$105) | F13: =SUM(C13:E13) | G13: =B13-F13 | H13: =IF(A13="","",H12+G13) | I13: =IFERROR(G13/B13,0) | J13: =IF(H13<0,"Atenção: saldo negativo",IF(G13<0,"Resultado negativo","Saldo saudável"))
A14: 46508 | B14: =SUMIF('Lançamentos Base'!$B$6:$B$105,A14,'Lançamentos Base'!$F$6:$F$105) | C14: =SUMIF('Lançamentos Base'!$B$6:$B$105,A14,'Lançamentos Base'!$G$6:$G$105) | D14: =SUMIF('Lançamentos Base'!$B$6:$B$105,A14,'Lançamentos Base'!$H$6:$H$105) | E14: =SUMIF('Lançamentos Base'!$B$6:$B$105,A14,'Lançamentos Base'!$I$6:$I$105) | F14: =SUM(C14:E14) | G14: =B14-F14 | H14: =IF(A14="","",H13+G14) | I14: =IFERROR(G14/B14,0) | J14: =IF(H14<0,"Atenção: saldo negativo",IF(G14<0,"Resultado negativo","Saldo saudável"))
A15: 46539 | B15: =SUMIF('Lançamentos Base'!$B$6:$B$105,A15,'Lançamentos Base'!$F$6:$F$105) | C15: =SUMIF('Lançamentos Base'!$B$6:$B$105,A15,'Lançamentos Base'!$G$6:$G$105) | D15: =SUMIF('Lançamentos Base'!$B$6:$B$105,A15,'Lançamentos Base'!$H$6:$H$105) | E15: =SUMIF('Lançamentos Base'!$B$6:$B$105,A15,'Lançamentos Base'!$I$6:$I$105) | F15: =SUM(C15:E15) | G15: =B15-F15 | H15: =IF(A15="","",H14+G15) | I15: =IFERROR(G15/B15,0) | J15: =IF(H15<0,"Atenção: saldo negativo",IF(G15<0,"Resultado negativo","Saldo saudável"))
A16: Totais / médias | B16: =SUM(B6:B15) | C16: =AVERAGE(B6:B15) | F16: =SUM(F6:F15) | G16: =SUM(G6:G15) | I16: =COUNTIF(G6:G15,"<0")
A17: B: total de receitas | C: média mensal de receitas | F: total de saídas | G: resultado acumulado | I: meses negativos

Sheet Premissas
A1: Premissas da Projeção Financeira
A2: Atualize os valores destacados para revisar cenários e manter a projeção auditável.
A3: Campo | B3: Valor editável | D3: Tabela auxiliar de categorias
A4: Saldo inicial em 01/09/2026 | B4: 18500
A5: Crescimento mensal esperado das receitas | B5: 0.04 | D5: Categoria | E5: Classificação
A6: Reajuste mensal das despesas | B6: 0.02 | D6: Vendas de produtos | E6: Receita
A7: Reserva financeira mínima | B7: 10000 | D7: Prestação de serviços | E7: Receita
A8: DAS/impostos provisionados médios | B8: 1250 | D8: Aluguel | E8: Despesa operacional
A9: Empresa | B9: Oficina Criativa São Paulo | D9: Folha e pró-labore | E9: Despesa operacional
A10: CNPJ | B10: 12.345.678/0001-90 | D10: Fornecedores | E10: Despesa operacional
A11: Cidade/UF | B11: Campinas/SP | D11: Marketing | E11: Despesa operacional
D12: Transporte | E12: Despesa operacional
A13: Observação | B13: Conferir valores e regras aplicáveis com contador ou fonte oficial. | D13: Software | E13: Despesa operacional
D14: Investimentos | E14: Investimento

Sheet Lançamentos Base
A1: Lançamentos Base — Dados Históricos ou Previstos
A2: Registre receitas, despesas, impostos e investimentos. A classificação é preenchida automaticamente pela categoria.
A5: Data | B5: Mês de referência | C5: Tipo | D5: Categoria | E5: Classificação | F5: Receita prevista | G5: Despesa operacional | H5: DAS/impostos | I5: Investimento | J5: Observação
A6: 46270 | B6: 46266 | C6: Receita | D6: Vendas de produtos | E6: =IF(D6="","",IFERROR(VLOOKUP(D6,'Premissas'!$D$6:$E$14,2,FALSE),"Não classificado")) | F6: 8400 | J6: Campinas/SP
A7: 46273 | B7: 46266 | C7: Receita | D7: Prestação de serviços | E7: =IF(D7="","",IFERROR(VLOOKUP(D7,'Premissas'!$D$6:$E$14,2,FALSE),"Não classificado")) | F7: 5200 | J7: Jundiaí/SP
A8: 46275 | B8: 46266 | C8: Despesa operacional | D8: Aluguel | E8: =IF(D8="","",IFERROR(VLOOKUP(D8,'Premissas'!$D$6:$E$14,2,FALSE),"Não classificado")) | G8: 2300 | J8: Campinas/SP
A9: 46280 | B9: 46266 | C9: Despesa operacional | D9: Fornecedores | E9: =IF(D9="","",IFERROR(VLOOKUP(D9,'Premissas'!$D$6:$E$14,2,FALSE),"Não classificado")) | G9: 3100 | J9: São Paulo/SP
A10: 46285 | B10: 46266 | C10: Despesa operacional | D10: Marketing | E10: =IF(D10="","",IFERROR(VLOOKUP(D10,'Premissas'!$D$6:$E$14,2,FALSE),"Não classificado")) | G10: 850 | J10: Campinas/SP
A11: 46295 | B11: 46266 | C11: DAS/impostos | D11: DAS/impostos | E11: =IF(D11="","",IFERROR(VLOOKUP(D11,'Premissas'!$D$6:$E$14,2,FALSE),"Não classificado")) | H11: 1250 | J11: Campinas/SP
A12: 46300 | B12: 46296 | C12: Receita | D12: Vendas de produtos | E12: =IF(D12="","",IFERROR(VLOOKUP(D12,'Premissas'!$D$6:$E$14,2,FALSE),"Não classificado")) | F12: 9100 | J12: Sorocaba/SP
A13: 46307 | B13: 46296 | C13: Receita | D13: Prestação de serviços | E13: =IF(D13="","",IFERROR(VLOOKUP(D13,'Premissas'!$D$6:$E$14,2,FALSE),"Não classificado")) | F13: 5800 | J13: Itu/SP
A14: 46313 | B14: 46296 | C14: Despesa operacional | D14: Software | E14: =IF(D14="","",IFERROR(VLOOKUP(D14,'Premissas'!$D$6:$E$14,2,FALSE),"Não classificado")) | G14: 420 | J14: Campinas/SP
A15: 46320 | B15: 46296 | C15: Investimento | D15: Investimentos | E15: =IF(D15="","",IFERROR(VLOOKUP(D15,'Premissas'!$D$6:$E$14,2,FALSE),"Não classificado")) | I15: 2700 | J15: Equipamento — Campinas/SP
E16: =IF(D16="","",IFERROR(VLOOKUP(D16,'Premissas'!$D$6:$E$14,2,FALSE),"Não classificado"))
E17: =IF(D17="","",IFERROR(VLOOKUP(D17,'Premissas'!$D$6:$E$14,2,FALSE),"Não classificado"))
E18: =IF(D18="","",IFERROR(VLOOKUP(D18,'Premissas'!$D$6:$E$14,2,FALSE),"Não classificado"))
E19: =IF(D19="","",IFERROR(VLOOKUP(D19,'Premissas'!$D$6:$E$14,2,FALSE),"Não classificado"))
E20: =IF(D20="","",IFERROR(VLOOKUP(D20,'Premissas'!$D$6:$E$14,2,FALSE),"Não classificado"))
E21: =IF(D21="","",IFERROR(VLOOKUP(D21,'Premissas'!$D$6:$E$14,2,FALSE),"Não classificado"))
E22: =IF(D22="","",IFERROR(VLOOKUP(D22,'Premissas'!$D$6:$E$14,2,FALSE),"Não classificado"))
E23: =IF(D23="","",IFERROR(VLOOKUP(D23,'Premissas'!$D$6:$E$14,2,FALSE),"Não classificado"))
E24: =IF(D24="","",IFERROR(VLOOKUP(D24,'Premissas'!$D$6:$E$14,2,FALSE),"Não classificado"))
E25: =IF(D25="","",IFERROR(VLOOKUP(D25,'Premissas'!$D$6:$E$14,2,FALSE),"Não classificado"))
E26: =IF(D26="","",IFERROR(VLOOKUP(D26,'Premissas'!$D$6:$E$14,2,FALSE),"Não classificado"))
E27: =IF(D27="","",IFERROR(VLOOKUP(D27,'Premissas'!$D$6:$E$14,2,FALSE),"Não classificado"))
... E105: =IF(D105="","",IFERROR(VLOOKUP(D105,'Premissas'!$D$6:$E$14,2,FALSE),"Não classificado"))
